 Dungeon Crawl Stone Soup version 0.29.0-4-gdea44cf6ec (webtiles) character file.

Game seed: 1445323828041906630

73121 qw the Brawler (level 15, -4/126 HPs)
             Began as a Ghoul Fire Elementalist on Aug 29, 2022.
             Was a High Priest of Okawaru.
             Engulfed by a fire crab's flame (8 damage)
             ... on level 3 of the Abyss.
             The game lasted 00:19:21 (27536 turns).

qw the Brawler (Ghoul Fire Elementalist)           Turns: 27536, Time: 00:19:21

Health: -4/126     AC: 32    Str: 20    XL:     15   Next: 42%
Magic:  16/21      EV: 11    Int: 10    God:    Okawaru [*****.]
Gold:   1069       SH: 24    Dex:  9    Spells: 16/17 levels left

rFire   . . .      SeeInvis .     - Unarmed
rCold   + . .      Faith    .   v - +0 tower shield
rNeg    + + +      Spirit   .   n - +2 plate armour
rPois   inf        Reflect  +   d - +2 helmet
rElec   .          Harm     .   c - +2 cloak
rCorr   .          Rampage  .   (no gloves)
Will    +....                   g - +2 pair of boots
Stlth   ..........              t - amulet of reflection
HPRegen 0.00/turn               u - +4 ring of evasion
MPRegen 0.17/turn               b - +4 ring of protection

@: heroic, finesse-ful, inhibited regen
A: claws 1, cold resistance 1, negative energy resistance 3, inhibited
regeneration, torment resistance 2, devour on kill
a: Renounce Religion, Heroism, Finesse, Duel


You were on level 3 of the Abyss.
You worshipped Okawaru.
Okawaru was extremely pleased with you.
You visited 3 branches of the dungeon, and saw 20 of its levels.
You visited the Abyss 1 time.

You collected 1662 gold pieces.
You spent 593 gold pieces at shops.


Innate Abilities, Weirdness & Mutations

You are immune to poison.
You have sharp fingernails.
Your flesh is cold resistant. (rC+)
You are immune to negative energy. (rN+++)
You do not regenerate when monsters are visible.
You are immune to unholy pain and torment.
You thrive by killing the living.


   Skills:
 - Level 10.0(15.0) Fighting
 - Level 5.0(10.0) Throwing
 + Level 7.2(12.2) Armour
 - Level 2.1(7.1) Dodging
 - Level 2.1(7.1) Stealth
 - Level 13.0(18.0) Shields
 - Level 18.0(23.0) Unarmed Combat
 - Level 1.7 Spellcasting
 - Level 0.7 Conjurations
 - Level 2.4 Fire Magic
 - Level 10.0 Invocations


You had 16 spell levels left.
You knew the following spells:

 Your Spells              Type           Power      Damage    Failure   Level
a - Foxfire               Conj/Fire      16%        2x1d4     99%         1

Your spell library contained the following spells:

 Spells                   Type           Power      Damage    Failure   Level
 Scorch                   Fire           10%        2d6       100%        2
 Conjure Flame            Conj/Fire      4%         6-21      100%        3
 Inner Flame              Hex/Fire       3%         N/A       100%        3
 Flame Wave               Conj/Fire      4%         2d5       100%        4

Inventory:

Missiles
 a - 33 boomerangs
 j - 2 silver javelins
 q - 18 javelins (quivered)
Armour
 c - a +2 cloak (worn)
 d - a +2 helmet (worn)
 g - a +2 pair of boots (worn)
 n - a +2 plate armour (worn)
 v - a +0 tower shield (worn)
Jewellery
 b - a +4 ring of protection (right claw)
 f - a ring of fire
 t - an amulet of reflection (around neck)
 u - a +4 ring of evasion (left claw)
Scrolls
 h - 3 scrolls of enchant weapon
 l - 6 scrolls of identify
 s - 2 scrolls of brand weapon
Potions
 i - a potion of resistance
 k - 3 potions of haste
 m - 12 potions of curing
 o - a potion of mutation
 p - 2 potions of cancellation
 r - a potion of magic

Dungeon Overview and Level Annotations

Branches:
Dungeon (14/15)            Temple (1/1) D:5            Lair (5/5) D:10
  Swamp (0/4) Lair:3       Spider (0/4) Lair:3        Slime (0/5) Lair:5
    Orc (0/2) D:12
 Vaults: D:13-14

Altars:
Ashenzari
Cheibriados
Dithmenos
Fedhas
Gozag
Hepliaklqana
Kikubaaqudgha
Makhleb
Nemelex Xobeh
Okawaru
Qazlal
Ru
Sif Muna
Trog
Uskayaw
Vehumet
Wu Jian
Xom
Yredelemnul
Jiyva
Lugonu

Shops:
D:6 *   D:7 =   D:9 [((?(

Portals:
Abyss: Temple Lair:5

Annotations:
D:9 2 transporters
Lair:2 2 transporters, 1 runed translucent door
Lair:4 3 runed translucent doors, runemage's ghost, journeyman GnFi


Message History

The ice beast dies!
The ice beast disappears in a puff of smoke!
You claw the swamp dragon!
The swamp dragon is lightly wounded.
You are engulfed in blazing flames.
You feel like a meek peon again.
27529 ||| INVOKING Heroism.
You gain the combat prowess of a mighty hero.
You are engulfed in blazing flames.
The swamp dragon is engulfed in blazing flames.
You block the swamp dragon's attack. x2
The swamp dragon tramples you but does no damage.
The fire crab breathes flames at you.
The blast of flame engulfs you but does no damage.
You claw the swamp dragon!
The swamp dragon is heavily wounded.
You block the fire crab's attack. x2; You block the swamp dragon's attack.
The swamp dragon claws you but does no damage.
The swamp dragon tramples you but does no damage.
You claw the swamp dragon!
The swamp dragon is severely wounded.
You claw the swamp dragon!
The swamp dragon is almost dead.
You scratch the swamp dragon but do no damage.
The swamp dragon is almost dead.
The fire crab breathes flames at you.
The blast of flame engulfs you but does no damage.
The swamp dragon is engulfed in blazing flames.
The swamp dragon dies!
The swamp dragon scales are intact enough to wear.
You claw the fire crab!
The fire crab is moderately wounded.
You are engulfed in blazing flames.
You mangle the fire crab!!
The fire crab is severely wounded.
You are engulfed in blazing flames.
You barely miss the fire crab.
The fire crab is severely wounded.
You are engulfed in blazing flames.
You die...

# .. # . .###
#..... ....#.. .
..... ...... ..
.... ....... ##.
#..##.#.... ....
.....¤¤#
#....#0000.~####
##x00000.¤~~~
#..00@#.¤....~
...#####t.......
## ........
#......8 .......
.....¤¤ .....¤
.~~~¤


You could see a fire crab and a worldbinder.

Vanquished Creatures
  2 tentacled starspawn
  Gastronok (D:8)
  2 very ugly things (Abyss:3)
  A fire dragon (D:14)
  4 hydras
  6 two-headed ogres
  3 boulder beetles
  2 vault guards (D:14)
  A centaur warrior (D:13)
  An ogre mage (D:13)
  A catoblepas (Abyss:3)
  2 tengu warriors (D:13)
  5 thrashing horrors
  11 death yaks
  Urug (Lair:4)
  A fire crab (shapeshifter) (Lair:5)
  A fire crab (Abyss:3)
  A sixfirhy (Abyss:2)
  A titan skeleton (Abyss:2)
  5 starcursed masses (Abyss:3)
  A wizard (D:14)
  A necromancer (D:14)
  A deep elf pyromancer (D:12)
  4 cyclopes
  2 manticores
  2 ugly things
  4 black mambas
  14 cane toads
  A torpor snail (Lair:4)
  4 smoke demons
  10 komodo dragons
  2 rime drakes
  An unseen horror (D:12)
  2 kobold demonologists
  4 ancient zymes
  A hornet (D:8)
  A polar bear (Lair:3)
  4 trolls
  Grinder (D:3)
  22 blink frogs
  4 raiju (Abyss:2)
  4 slime creatures
  Sigmund (D:5)
  2 shadows
  A vampire (D:11)
  3 wraiths
  3 ynoxinuls
  19 yaks
  4 wyverns
  17 humans (D:14)
  10 basilisks
  2 chaos spawn (Lair:5)
  A neqoxec (Abyss:2)
  8 vampire mosquitoes
  5 large abominations
  3 steam dragons
  16 water moccasins
  A swamp drake (Lair:4)
  2 sky beasts
  3 orc warriors
  2 ice beasts (D:6)
  A black bear (D:8)
  A centaur (D:9)
  4 ogres
  10 wolves
  4 phantoms
  A kobold brigand (D:6)
  Blork the orc (D:5)
  10 bullfrogs
  A necrophage (D:4)
  4 scorpions
  An electric eel (Lair:5)
  5 howler monkeys
  15 small abominations
  2 hounds
  4 orc priests
  4 jellies
  A gnoll bouda (D:5)
  3 iron imps (D:9)
  5 iguanas
  13 hell rats
  12 orc wizards
  3 adders
  11 gnolls
  15 river rats (Lair:1)
  A white imp (D:5)
  An ufetubus (D:5)
  A worm (D:5)
  6 dart slugs
  42 orcs
  8 ball pythons
  2 bats
  12 endoplasms
  A giant cockroach (D:1)
  6 goblins
  9 hobgoblins
  14 jackals
  10 quokkas
  3 frilled lizards
  15 kobolds
  9 rats
  A spectral orc (D:9)
  A starspawn tentacle (Abyss:3)
518 creatures vanquished.

Vanquished Creatures (others)
  A swamp dragon (Abyss:3)
  A fire vortex (Lair:5)
  43 fungi
  44 plants
  3 starspawn tentacles
  9 toadstools (Lair:2)
  2 withered plants (D:5)
103 creatures vanquished.

Grand Total: 621 creatures vanquished

Notes
Turn   | Place    | Note
-------+----------+-------------------------------------------
     0 | D:1      | qw the Ghoul Fire Elementalist began the quest for the Orb.
     0 | D:1      | Reached XP level 1. HP: 14/14 MP: 2/2
     0 | D:1      | 0 ||| qw: Version: 0.1-a-90-g952f4b7
     0 | D:1      | 0 ||| qw: Game counter: 4131
     0 | D:1      | 0 ||| qw: Always use a shield: true
     0 | D:1      | 0 ||| qw: God list: Okawaru
     0 | D:1      | 0 ||| qw: Allow faded altars: false
     0 | D:1      | 0 ||| qw: Do Orc after D:15 true
     0 | D:1      | 0 ||| qw: Do second Lair branch before Depths: true
     0 | D:1      | 0 ||| qw: Lair rune preference: random
     0 | D:1      | 0 ||| qw: Plans: Normal
     0 | D:1      | 0 ||| PLANNING D:1-11
    25 | D:1      | 25 ||| Stepping ~*~*~tactically~*~*~ (hiding).
   127 | D:1      | 127 ||| Stepping ~*~*~tactically~*~*~ (hiding).
   229 | D:1      | 229 ||| Stepping ~*~*~tactically~*~*~ (hiding).
   331 | D:1      | 331 ||| Stepping ~*~*~tactically~*~*~ (hiding).
   433 | D:1      | 433 ||| Stepping ~*~*~tactically~*~*~ (hiding).
   535 | D:1      | 535 ||| Stepping ~*~*~tactically~*~*~ (hiding).
   548 | D:1      | Reached skill level 1 in Unarmed Combat
   589 | D:1      | Reached XP level 2. HP: 22/22 MP: 3/3
   630 | D:1      | 630 ||| Stepping ~*~*~tactically~*~*~ (stealth).
   633 | D:1      | 633 ||| Stepping ~*~*~tactically~*~*~ (outnumbered).
   639 | D:1      | Reached skill level 1 in Fighting
  1075 | D:1      | 1075 ||| Stepping ~*~*~tactically~*~*~ (hiding).
  1177 | D:1      | 1177 ||| Stepping ~*~*~tactically~*~*~ (hiding).
  1279 | D:1      | 1279 ||| Stepping ~*~*~tactically~*~*~ (hiding).
  1381 | D:1      | 1381 ||| Stepping ~*~*~tactically~*~*~ (hiding).
  1483 | D:1      | 1483 ||| Stepping ~*~*~tactically~*~*~ (hiding).
  1585 | D:1      | 1585 ||| Stepping ~*~*~tactically~*~*~ (hiding).
  1687 | D:1      | 1687 ||| Stepping ~*~*~tactically~*~*~ (hiding).
  1697 | D:1      | Reached skill level 2 in Unarmed Combat
  2077 | D:1      | Reached XP level 3. HP: 24/28 MP: 4/4
  2205 | D:1      | 2205 ||| Stepping ~*~*~tactically~*~*~ (hiding).
  2307 | D:1      | 2307 ||| Stepping ~*~*~tactically~*~*~ (hiding).
  2409 | D:1      | 2409 ||| Stepping ~*~*~tactically~*~*~ (hiding).
  2511 | D:1      | 2511 ||| Stepping ~*~*~tactically~*~*~ (hiding).
  2613 | D:1      | 2613 ||| Stepping ~*~*~tactically~*~*~ (hiding).
  2715 | D:1      | 2715 ||| Stepping ~*~*~tactically~*~*~ (hiding).
  2838 | D:1      | Found a faded altar of an unknown god.
  2840 | D:1      | 2840 ||| UPGRADING to +0 helmet.
  2845 | D:1      | 2845 ||| READING scroll labelled BOJOGU ORIOCRI.
  2846 | D:1      | 2846 ||| READING 2 scrolls labelled LUABEANIRO.
  2847 | D:1      | 2847 ||| READING scroll of enchant armour.
  2847 | D:1      | 2847 ||| ENCHANTING +0 helmet.
  2848 | D:1      | 2848 ||| READING scroll labelled ECIALE XIVUURR.
  2849 | D:1      | 2849 ||| DROPPING potion of magic.
  2938 | D:2      | 2938 ||| Stepping ~*~*~tactically~*~*~ (hiding).
  3054 | D:2      | Reached skill level 3 in Unarmed Combat
  3195 | D:2      | HP: 7/28 [jackal (3)]
  3198 | D:2      | HP: 3/28 [jackal (1)]
  3624 | D:2      | Reached XP level 4. HP: 27/35 MP: 5/5
  3698 | D:2      | 3698 ||| Stepping ~*~*~tactically~*~*~ (outnumbered).
  3699 | D:2      | 3699 ||| Stepping ~*~*~tactically~*~*~ (outnumbered).
  3700 | D:2      | 3700 ||| Stepping ~*~*~tactically~*~*~ (outnumbered).
  3702 | D:2      | 3702 ||| Stepping ~*~*~tactically~*~*~ (outnumbered).
  3707 | D:2      | Reached skill level 4 in Unarmed Combat
  3853 | D:2      | Found an opulent altar of Gozag.
  3908 | D:2      | 3908 ||| Stepping ~*~*~tactically~*~*~ (outnumbered).
  3909 | D:2      | 3909 ||| Stepping ~*~*~tactically~*~*~ (outnumbered).
  3911 | D:2      | 3911 ||| Stepping ~*~*~tactically~*~*~ (outnumbered).
  4264 | D:2      | 4264 ||| UPGRADING to +2 helmet.
  4274 | D:2      | 4274 ||| DROPPING +1 helmet.
  4275 | D:2      | 4275 ||| UPGRADING to +0 leather armour.
  4285 | D:2      | 4285 ||| DROPPING +0 robe.
  4286 | D:2      | 4286 ||| UPGRADING to +6 ring of dexterity.
  4287 | D:2      | 4287 ||| READING scroll labelled ANAPIS POHUMN.
  4288 | D:2      | 4288 ||| READING scroll labelled RUZITOFFYDIA.
  4293 | D:2      | 4293 ||| READING scroll labelled MUYNUWNEGG.
  4294 | D:2      | 4294 ||| READING scroll labelled LAGIMU YRUSM.
  4295 | D:2      | 4295 ||| READING scroll labelled YXYJIT HITHIRIU.
  4296 | D:2      | 4296 ||| DRINKING 2 smoky emerald potions.
  4297 | D:2      | 4297 ||| DROPPING potion of attraction.
  4430 | D:3      | Noticed Grinder
  4446 | D:3      | HP: 8/36 [Grinder (6)]
  4452 | D:3      | Killed Grinder
  4453 | D:3      | Reached XP level 5. HP: 7/48 MP: 6/6
  4453 | D:3      | Reached XP level 6. HP: 8/56 MP: 7/7
  4783 | D:3      | Found a broken altar of Ashenzari.
  4792 | D:3      | 4792 ||| Stepping ~*~*~tactically~*~*~ (stealth).
  4794 | D:3      | 4794 ||| Stepping ~*~*~tactically~*~*~ (stealth).
  4799 | D:3      | 4799 ||| Stepping ~*~*~tactically~*~*~ (stealth).
  4801 | D:3      | 4801 ||| Stepping ~*~*~tactically~*~*~ (stealth).
  4803 | D:3      | 4803 ||| Stepping ~*~*~tactically~*~*~ (stealth).
  4805 | D:3      | 4805 ||| Stepping ~*~*~tactically~*~*~ (hiding).
  4867 | D:3      | 4867 ||| Stepping ~*~*~tactically~*~*~ (stealth).
  4868 | D:3      | 4868 ||| Stepping ~*~*~tactically~*~*~ (stealth).
  4879 | D:3      | 4879 ||| Stepping ~*~*~tactically~*~*~ (stealth).
  4881 | D:3      | 4881 ||| Stepping ~*~*~tactically~*~*~ (stealth).
  4910 | D:3      | 4910 ||| Stepping ~*~*~tactically~*~*~ (stealth).
  4912 | D:3      | 4912 ||| Stepping ~*~*~tactically~*~*~ (stealth).
  5217 | D:3      | Found a hide-covered altar of Uskayaw.
  5501 | D:3      | 5501 ||| UPGRADING to +0 chain mail.
  5511 | D:3      | 5511 ||| DROPPING +0 leather armour.
  5512 | D:3      | 5512 ||| READING scroll labelled OMENGOVVELIF.
  5513 | D:3      | 5513 ||| READING scroll labelled CINLIMEPAR.
  5575 | D:4      | 5575 ||| STAIRDANCE
  5588 | D:4      | Reached skill level 1 in Armour
  5690 | D:4      | Reached skill level 5 in Unarmed Combat
  5861 | D:4      | Reached XP level 7. HP: 55/61 MP: 8/8
  5888 | D:4      | 5888 ||| Stepping ~*~*~tactically~*~*~ (stealth).
  5889 | D:4      | 5889 ||| Stepping ~*~*~tactically~*~*~ (stealth).
  5896 | D:4      | 5896 ||| Stepping ~*~*~tactically~*~*~ (stealth).
  5938 | D:4      | Found a radiant altar of Vehumet.
  5973 | D:4      | Reached skill level 6 in Unarmed Combat
  5973 | D:4      | 5973 ||| FLEEEEING.
  5974 | D:4      | 5974 ||| FLEEEEING.
  5975 | D:4      | 5975 ||| FLEEEEING.
  6086 | D:4      | 6086 ||| FLEEEEING.
  6087 | D:4      | 6087 ||| FLEEEEING.
  6517 | D:4      | 6517 ||| DRINKING 2 ruby potions.
  6529 | D:5      | Entered Level 5 of the Dungeon
  6530 | D:5      | Found an ancient bone altar of Kikubaaqudgha.
  6556 | D:5      | Noticed Blork the orc
  6573 | D:5      | Killed Blork the orc
  6574 | D:5      | Reached skill level 7 in Unarmed Combat
  6866 | D:5      | Reached XP level 8. HP: 56/68 MP: 9/9
  6922 | D:5      | Noticed Sigmund
  6932 | D:5      | 6932 ||| DRINKING potion of curing.
  6932 | D:5      | 6932 ||| (to cure confusion)
  6933 | D:5      | Killed Sigmund
  6934 | D:5      | Reached skill level 8 in Unarmed Combat
  7036 | D:5      | Found a hazy altar of Hepliaklqana.
  7054 | D:5      | Identified the +9 short sword "Maangis" {flame, rPois
                  | Stlth+}
  7177 | D:5      | Found a staircase to the Ecumenical Temple.
  7178 | D:5      | 7178 ||| PLANNING TEMPLE
  7178 | D:5      | 7178 ||| READING scroll labelled XEZONA UMYFIU.
  7184 | Temple   | Entered the Ecumenical Temple
  7218 | Temple   | Found a one-way gate to the infinite horrors of the Abyss.
  7286 | Temple   | 7286 ||| PLANNING D:1-11
  7313 | D:5      | 7313 ||| Stepping ~*~*~tactically~*~*~ (stealth).
  7361 | D:5      | 7361 ||| Stepping ~*~*~tactically~*~*~ (stealth).
  7364 | D:5      | 7364 ||| Stepping ~*~*~tactically~*~*~ (hiding).
  7367 | D:5      | 7367 ||| Stepping ~*~*~tactically~*~*~ (hiding).
  7371 | D:5      | 7371 ||| Stepping ~*~*~tactically~*~*~ (hiding).
  7387 | D:5      | 7387 ||| Stepping ~*~*~tactically~*~*~ (outnumbered).
  7388 | D:5      | 7388 ||| Stepping ~*~*~tactically~*~*~ (outnumbered).
  7389 | D:5      | 7389 ||| Stepping ~*~*~tactically~*~*~ (outnumbered).
  7390 | D:5      | 7390 ||| Stepping ~*~*~tactically~*~*~ (outnumbered).
  7391 | D:5      | 7391 ||| Stepping ~*~*~tactically~*~*~ (outnumbered).
  7392 | D:5      | 7392 ||| Stepping ~*~*~tactically~*~*~ (outnumbered).
  7520 | D:5      | Reached skill level 9 in Unarmed Combat
  7746 | D:5      | Found a sacrificial altar of Ru.
  7752 | D:5      | 7752 ||| Stepping ~*~*~tactically~*~*~ (stealth).
  7797 | D:5      | Found a sparkling altar of Nemelex Xobeh.
  7859 | D:5      | Found a blossoming altar of Fedhas.
  7879 | D:5      | Found a snail-covered altar of Cheibriados.
  7994 | D:5      | 7994 ||| DRINKING 3 fuming green potions.
  7995 | D:5      | 7995 ||| DROPPING 2 potions of brilliance.
  8025 | D:5      | 8025 ||| READING 2 scrolls of teleportation.
  8026 | D:5      | 8026 ||| STAIRDANCE
  8125 | D:6      | Found an ornate altar of the Wu Jian Council.
  8219 | D:6      | 8219 ||| Stepping ~*~*~tactically~*~*~ (hiding).
  8220 | D:6      | 8220 ||| Stepping ~*~*~tactically~*~*~ (hiding).
  8221 | D:6      | 8221 ||| Stepping ~*~*~tactically~*~*~ (hiding).
  8222 | D:6      | 8222 ||| Stepping ~*~*~tactically~*~*~ (hiding).
  8229 | D:6      | 8229 ||| Stepping ~*~*~tactically~*~*~ (stealth).
  8287 | D:6      | 8287 ||| Stepping ~*~*~tactically~*~*~ (outnumbered).
  8314 | D:6      | HP: 16/68 [iguana (4)]
  8315 | D:6      | 8315 ||| READING scroll of teleportation.
  8317 | D:6      | HP: 4/68 [iguana (4)]
  8422 | D:6      | 8422 ||| Invisible monster not found???
  8506 | D:6      | 8506 ||| Stepping ~*~*~tactically~*~*~ (outnumbered).
  8507 | D:6      | 8507 ||| Stepping ~*~*~tactically~*~*~ (outnumbered).
  8509 | D:6      | Reached skill level 10 in Unarmed Combat
  8513 | D:6      | Reached skill level 1 in Throwing
  8761 | D:6      | Reached XP level 9. HP: 69/74 MP: 10/10
  8844 | D:6      | Found Juazicru's General Store.
  8848 | D:6      | 8848 ||| BUYING potion of curing (30 gold).
  8848 | D:6      | Bought a potion of curing for 30 gold pieces
  8848 | D:6      | 8848 ||| BUYING scroll of teleportation (30 gold).
  8848 | D:6      | Bought a scroll of teleportation for 30 gold pieces
  8947 | D:6      | Found a shimmering altar of Xom.
  9101 | D:6      | Reached skill level 6 in Fighting
  9165 | D:6      | Found an iron altar of Okawaru.
  9170 | D:6      | Became a worshipper of Warmaster Okawaru
  9273 | D:6      | 9273 ||| READING 3 scrolls labelled BUCWECHANURCH.
  9317 | D:6      | 9317 ||| READING scroll labelled RITSA XIJYES.
  9318 | D:6      | 9318 ||| DRINKING 3 smoky inky potions.
  9319 | D:6      | 9319 ||| DRINKING 2 fuming puce potions.
  9320 | D:6      | 9320 ||| READING 3 scrolls of identify.
  9320 | D:6      | 9320 ||| IDENTIFYING glowing emerald potion
  9321 | D:6      | 9321 ||| READING 2 scrolls of identify.
  9321 | D:6      | 9321 ||| IDENTIFYING clear potion
  9322 | D:6      | 9322 ||| DROPPING potion of berserk rage.
  9340 | D:5      | 9340 ||| READING scroll of teleportation.
  9553 | D:7      | Found Raki's Jewellery Shop.
  9558 | D:7      | 9558 ||| BUYING +4 ring of protection (396 gold).
  9558 | D:7      | Bought a +4 ring of protection for 396 gold pieces
  9558 | D:7      | 9558 ||| SHOPLISTING +6 ring of strength (396 gold, have
                  | 66).
  9558 | D:7      | 9558 ||| SHOPLISTING amulet "Dot Rite" {Acrobat rPois
                  | Regen+ Dex-2} (407 gold, have 66).
  9558 | D:7      | 9558 ||| SHOPLISTING amulet of reflection (330 gold, have
                  | 66).
  9558 | D:7      | 9558 ||| SHOPLISTING ring "Bacson" {rF+ Dex+6 SInv} (457
                  | gold, have 66).
  9558 | D:7      | 9558 ||| SHOPLISTING ring of ice (275 gold, have 66).
  9558 | D:7      | 9558 ||| SHOPLISTING ring of see invisible (165 gold, have
                  | 66).
  9678 | D:7      | Found a shadowy altar of Dithmenos.
  9842 | D:7      | Reached skill level 11 in Unarmed Combat
  9990 | D:7      | 9990 ||| UPGRADING to +0 plate armour.
 10000 | D:7      | 10000 ||| DROPPING +0 chain mail.
 10001 | D:7      | 10001 ||| READING scroll of enchant armour.
 10001 | D:7      | 10001 ||| ENCHANTING +0 plate armour.
 10002 | D:7      | 10002 ||| UPGRADING to +4 ring of protection.
 10003 | D:7      | 10003 ||| READING 3 scrolls labelled PYFUFIXZUME.
 10004 | D:7      | 10004 ||| DROPPING 2 scrolls of fog.
 10036 | D:8      | 10036 ||| Stepping ~*~*~tactically~*~*~ (hiding).
 10046 | D:8      | 10046 ||| Stepping ~*~*~tactically~*~*~ (cloud).
 10181 | D:8      | Reached * piety under Okawaru
 10182 | D:8      | Reached skill level 3 in Armour
 10193 | D:8      | 10193 ||| INVOKING Heroism.
 10203 | D:8      | Reached skill level 1 in Invocations
 10249 | D:8      | 10249 ||| Stepping ~*~*~tactically~*~*~ (stealth).
 10251 | D:8      | 10251 ||| INVOKING Heroism.
 10254 | D:8      | 10254 ||| Stepping ~*~*~tactically~*~*~ (outnumbered).
 10269 | D:8      | Reached skill level 3 in Invocations
 10271 | D:8      | 10271 ||| INVOKING Heroism.
 10279 | D:8      | Reached XP level 10. HP: 75/83 MP: 8/12
 10282 | D:8      | Reached ** piety under Okawaru
 10418 | D:8      | Noticed Gastronok
 10419 | D:8      | 10419 ||| Stepping ~*~*~tactically~*~*~ (hiding).
 10420 | D:8      | 10420 ||| Stepping ~*~*~tactically~*~*~ (hiding).
 10422 | D:8      | 10422 ||| Stepping ~*~*~tactically~*~*~ (hiding).
 10424 | D:8      | 10424 ||| INVOKING Heroism.
 10443 | D:8      | Killed Gastronok
 10444 | D:8      | Reached skill level 12 in Unarmed Combat
 10647 | D:8      | Identified the +0 robe of Honour {-Tele Will+++ Str+2
                  | Slay+3}
 10793 | D:8      | 10793 ||| Stepping ~*~*~tactically~*~*~ (stealth).
 10795 | D:8      | 10795 ||| Stepping ~*~*~tactically~*~*~ (hiding).
 11113 | D:8      | Found a shimmering blue altar of Sif Muna.
 11114 | D:8      | 11114 ||| Stepping randomly (stuck).
 11152 | D:9      | Found Ufeam's Antique Armour Shop.
 11152 | D:9      | Found a transporter.
 11190 | D:9      | 11190 ||| Stepping ~*~*~tactically~*~*~ (hiding).
 11191 | D:9      | 11191 ||| Stepping ~*~*~tactically~*~*~ (hiding).
 11202 | D:9      | Reached *** piety under Okawaru
 11224 | D:9      | Found Ryugovoe's Antique Weapon Emporium.
 11246 | D:9      | Noticed a white ugly thing
 11246 | D:9      | Noticed a green ugly thing
 11257 | D:9      | Noticed a brown ugly thing
 11258 | D:9      | Found a corrupted altar of Lugonu.
 11278 | D:9      | Found a burning altar of Makhleb.
 11397 | D:9      | Found Icyomifo's Weapon Emporium.
 11397 | D:9      | Found Furetsug's Magic Scroll Shoppe.
 11415 | D:9      | 11415 ||| BUYING scroll of brand weapon (104 gold).
 11415 | D:9      | Bought a scroll of brand weapon for 104 gold pieces
 11415 | D:9      | 11415 ||| BUYING scroll of teleportation (33 gold).
 11415 | D:9      | Bought a scroll of teleportation for 33 gold pieces
 11474 | D:9      | Found a transporter.
 11479 | D:9      | 11479 ||| INVOKING Heroism.
 11509 | D:9      | 11509 ||| Stepping ~*~*~tactically~*~*~ (outnumbered).
 11511 | D:9      | Reached skill level 3 in Throwing
 11515 | D:9      | Reached skill level 13 in Unarmed Combat
 11556 | D:9      | Found Errisyq's Antique Weapon Shop.
 11592 | D:9      | 11592 ||| Stepping ~*~*~tactically~*~*~ (outnumbered).
 11604 | D:9      | 11604 ||| INVOKING Heroism.
 11608 | D:9      | 11608 ||| Stepping ~*~*~tactically~*~*~ (outnumbered).
 11781 | D:9      | 11781 ||| READING scroll of enchant armour.
 11781 | D:9      | 11781 ||| ENCHANTING +1 plate armour.
 11877 | D:9      | Found a basalt altar of Yredelemnul.
 11982 | D:9      | 11982 ||| DROPPING +6 ring of intelligence.
 11983 | D:9      | 11983 ||| UPGRADING to +4 ring of evasion.
 11985 | D:9      | 11985 ||| DROPPING +6 ring of dexterity.
 11986 | D:9      | 11986 ||| READING 3 scrolls of identify.
 11986 | D:9      | 11986 ||| IDENTIFYING brown potion
 11987 | D:9      | 11987 ||| READING 2 scrolls of identify.
 11987 | D:9      | 11987 ||| IDENTIFYING emerald potion
 11988 | D:9      | 11988 ||| DROPPING potion of invisibility.
 12023 | D:10     | Entered Level 10 of the Dungeon
 12033 | D:10     | 12033 ||| INVOKING Heroism.
 12038 | D:10     | 12038 ||| Stepping ~*~*~tactically~*~*~ (outnumbered).
 12039 | D:10     | 12039 ||| Stepping ~*~*~tactically~*~*~ (outnumbered).
 12040 | D:10     | 12040 ||| Stepping ~*~*~tactically~*~*~ (outnumbered).
 12041 | D:10     | 12041 ||| Stepping ~*~*~tactically~*~*~ (outnumbered).
 12042 | D:10     | 12042 ||| Stepping ~*~*~tactically~*~*~ (outnumbered).
 12043 | D:10     | 12043 ||| STAIRDANCE
 12222 | D:10     | 12222 ||| INVOKING Heroism.
 12271 | D:10     | Found a staircase to the Lair.
 12273 | D:10     | 12273 ||| INVOKING Heroism.
 12286 | D:10     | Reached XP level 11. HP: 77/94 MP: 11/13
 12387 | D:10     | 12387 ||| Stepping ~*~*~tactically~*~*~ (hiding).
 12389 | D:10     | 12389 ||| Stepping ~*~*~tactically~*~*~ (hiding).
 12392 | D:10     | 12392 ||| Stepping ~*~*~tactically~*~*~ (hiding).
 12413 | D:10     | 12413 ||| Stepping ~*~*~tactically~*~*~ (stealth).
 12530 | D:10     | 12530 ||| Stepping ~*~*~tactically~*~*~ (stealth).
 12540 | D:10     | 12540 ||| Stepping ~*~*~tactically~*~*~ (stealth).
 12541 | D:10     | 12541 ||| Stepping ~*~*~tactically~*~*~ (stealth).
 12543 | D:10     | 12543 ||| Stepping ~*~*~tactically~*~*~ (stealth).
 12544 | D:10     | 12544 ||| Stepping ~*~*~tactically~*~*~ (outnumbered).
 12545 | D:10     | 12545 ||| INVOKING Heroism.
 12546 | D:10     | 12546 ||| Stepping ~*~*~tactically~*~*~ (outnumbered).
 12547 | D:10     | 12547 ||| Stepping ~*~*~tactically~*~*~ (outnumbered).
 12548 | D:10     | 12548 ||| Stepping ~*~*~tactically~*~*~ (outnumbered).
 12549 | D:10     | 12549 ||| Stepping ~*~*~tactically~*~*~ (outnumbered).
 12550 | D:10     | 12550 ||| STAIRDANCE
 12552 | D:9      | 12552 ||| Stepping ~*~*~tactically~*~*~ (outnumbered).
 12553 | D:9      | 12553 ||| Stepping ~*~*~tactically~*~*~ (outnumbered).
 12554 | D:9      | 12554 ||| Stepping ~*~*~tactically~*~*~ (outnumbered).
 12555 | D:9      | 12555 ||| Stepping ~*~*~tactically~*~*~ (outnumbered).
 12556 | D:9      | 12556 ||| Stepping ~*~*~tactically~*~*~ (outnumbered).
 12561 | D:9      | Received a gift from Okawaru
 12562 | D:9      | 12562 ||| UPGRADING to +0 cloak.
 12574 | D:10     | 12574 ||| STAIRDANCE
 12755 | D:10     | Found an opulent altar of Gozag.
 12779 | D:10     | 12779 ||| Stepping ~*~*~tactically~*~*~ (hiding).
 12788 | D:10     | 12788 ||| Stepping ~*~*~tactically~*~*~ (stealth).
 12792 | D:10     | 12792 ||| Stepping ~*~*~tactically~*~*~ (hiding).
 12875 | D:10     | Found a stormy altar of Qazlal.
 12940 | D:10     | 12940 ||| INVOKING Heroism.
 12946 | D:10     | Reached skill level 14 in Unarmed Combat
 13213 | D:10     | Found a bloodstained altar of Trog.
 13264 | D:10     | 13264 ||| PLANNING LAIR
 13264 | D:10     | 13264 ||| READING 2 scrolls of identify.
 13264 | D:10     | 13264 ||| IDENTIFYING fuming inky potion
 13265 | D:10     | 13265 ||| DROPPING potion of lignification.
 13317 | Lair:1   | Entered Level 1 of the Lair of Beasts
 13434 | Lair:1   | Found an ancient bone altar of Kikubaaqudgha.
 13441 | Lair:1   | 13441 ||| INVOKING Heroism.
 13443 | Lair:1   | Reached **** piety under Okawaru
 13711 | Lair:1   | 13711 ||| INVOKING Heroism.
 13810 | Lair:1   | 13810 ||| INVOKING Heroism.
 13821 | Lair:1   | 13821 ||| Stepping ~*~*~tactically~*~*~ (stealth).
 13827 | Lair:1   | 13827 ||| Stepping ~*~*~tactically~*~*~ (stealth).
 13840 | Lair:1   | 13840 ||| Stepping ~*~*~tactically~*~*~ (stealth).
 13841 | Lair:1   | 13841 ||| Stepping ~*~*~tactically~*~*~ (stealth).
 13843 | Lair:1   | 13843 ||| Stepping ~*~*~tactically~*~*~ (outnumbered).
 13847 | Lair:1   | 13847 ||| INVOKING Heroism.
 13860 | Lair:1   | Received a gift from Okawaru
 13891 | Lair:1   | 13891 ||| INVOKING Heroism.
 13937 | Lair:1   | 13937 ||| Stepping ~*~*~tactically~*~*~ (stealth).
 14008 | Lair:1   | 14008 ||| Stepping ~*~*~tactically~*~*~ (stealth).
 14009 | Lair:1   | 14009 ||| INVOKING Heroism.
 14038 | Lair:1   | 14038 ||| Stepping ~*~*~tactically~*~*~ (stealth).
 14268 | Lair:1   | 14268 ||| UPGRADING to +0 tower shield.
 14273 | Lair:1   | 14273 ||| UPGRADING to amulet of the acrobat.
 14278 | Lair:1   | 14278 ||| READING 2 scrolls of identify.
 14278 | Lair:1   | 14278 ||| IDENTIFYING green potion
 14279 | Lair:1   | 14279 ||| DROPPING potion of degeneration.
 14317 | Lair:2   | Noticed a death yak
 14317 | Lair:2   | Noticed a death yak
 14317 | Lair:2   | Noticed a boulder beetle
 14318 | Lair:2   | 14318 ||| INVOKING Heroism.
 14318 | Lair:2   | Noticed a death yak
 14318 | Lair:2   | Noticed a death yak
 14319 | Lair:2   | Noticed a death yak
 14319 | Lair:2   | 14319 ||| STAIRDANCE
 14325 | Lair:1   | Killed a boulder beetle
 14326 | Lair:1   | Reached skill level 1 in Shields
 14326 | Lair:1   | Reached skill level 6 in Invocations
 14374 | Lair:2   | 14374 ||| Stepping ~*~*~tactically~*~*~ (hiding).
 14379 | Lair:2   | 14379 ||| DRINKING 2 potions of cancellation.
 14380 | Lair:2   | 14380 ||| DRINKING potion of cancellation.
 14381 | Lair:2   | 14381 ||| INVOKING Heroism.
 14405 | Lair:2   | Killed a death yak
 14414 | Lair:2   | 14414 ||| INVOKING Heroism.
 14417 | Lair:2   | Killed a death yak
 14417 | Lair:2   | Reached ***** piety under Okawaru
 14417 | Lair:2   | Received a gift from Okawaru
 14418 | Lair:2   | Reached skill level 3 in Shields
 14418 | Lair:2   | 14418 ||| INVOKING Finesse.
 14418 | Lair:2   | HP: 20/94 [death yak (10)]
 14419 | Lair:2   | 14419 ||| READING 2 scrolls of teleportation.
 14420 | Lair:2   | 14420 ||| DRINKING 3 potions of heal wounds.
 14421 | Lair:2   | 14421 ||| DRINKING 2 potions of heal wounds.
 14423 | Lair:2   | 14423 ||| READING scroll of teleportation.
 14424 | Lair:2   | 14424 ||| DRINKING potion of heal wounds.
 14436 | Lair:2   | 14436 ||| FLEEEEING.
 14447 | Lair:2   | Killed a death yak
 14452 | Lair:2   | 14452 ||| Stepping ~*~*~tactically~*~*~ (outnumbered).
 14453 | Lair:2   | 14453 ||| Stepping ~*~*~tactically~*~*~ (outnumbered).
 14454 | Lair:2   | 14454 ||| INVOKING Heroism.
 14455 | Lair:2   | 14455 ||| Stepping ~*~*~tactically~*~*~ (outnumbered).
 14456 | Lair:2   | 14456 ||| Stepping ~*~*~tactically~*~*~ (outnumbered).
 14456 | Lair:2   | Found a transporter.
 14457 | Lair:2   | 14457 ||| Stepping ~*~*~tactically~*~*~ (outnumbered).
 14457 | Lair:2   | Noticed a moth of wrath
 14458 | Lair:2   | 14458 ||| Stepping ~*~*~tactically~*~*~ (outnumbered).
 14459 | Lair:2   | 14459 ||| Stepping ~*~*~tactically~*~*~ (outnumbered).
 14465 | Lair:2   | HP: 23/94 [wolf (2)]
 14471 | Lair:2   | Reached XP level 12. HP: 32/101 MP: 11/16
 14471 | Lair:2   | 14471 ||| Stepping ~*~*~tactically~*~*~ (outnumbered).
 14472 | Lair:2   | 14472 ||| Stepping ~*~*~tactically~*~*~ (outnumbered).
 14477 | Lair:2   | 14477 ||| Stepping ~*~*~tactically~*~*~ (outnumbered).
 14479 | Lair:2   | 14479 ||| INVOKING Heroism.
 14480 | Lair:2   | 14480 ||| Stepping ~*~*~tactically~*~*~ (outnumbered).
 14481 | Lair:2   | 14481 ||| Stepping ~*~*~tactically~*~*~ (outnumbered).
 14482 | Lair:2   | 14482 ||| Stepping ~*~*~tactically~*~*~ (outnumbered).
 14483 | Lair:2   | 14483 ||| Stepping ~*~*~tactically~*~*~ (outnumbered).
 14484 | Lair:2   | 14484 ||| Stepping ~*~*~tactically~*~*~ (outnumbered).
 14485 | Lair:2   | 14485 ||| Stepping ~*~*~tactically~*~*~ (outnumbered).
 14486 | Lair:2   | 14486 ||| Stepping ~*~*~tactically~*~*~ (outnumbered).
 14488 | Lair:2   | 14488 ||| Stepping ~*~*~tactically~*~*~ (outnumbered).
 14489 | Lair:2   | 14489 ||| Stepping ~*~*~tactically~*~*~ (outnumbered).
 14491 | Lair:2   | Killed a death yak
 14491 | Lair:2   | Received a gift from Okawaru
 14492 | Lair:2   | 14492 ||| INVOKING Finesse.
 14493 | Lair:2   | 14493 ||| Stepping ~*~*~tactically~*~*~ (outnumbered).
 14494 | Lair:2   | 14494 ||| Stepping ~*~*~tactically~*~*~ (outnumbered).
 14499 | Lair:2   | 14499 ||| Stepping ~*~*~tactically~*~*~ (outnumbered).
 14515 | Lair:2   | Killed a death yak
 14674 | Lair:2   | 14674 ||| INVOKING Heroism.
 14784 | Lair:2   | Noticed a spriggan berserker
 14792 | Lair:2   | 14792 ||| READING scroll of enchant armour.
 14792 | Lair:2   | 14792 ||| ENCHANTING +0 cloak.
 14799 | Lair:2   | Found a bloodstained altar of Trog.
 14866 | Lair:2   | Found a transporter.
 14989 | Lair:2   | 14989 ||| INVOKING Heroism.
 14989 | Lair:2   | Noticed a seven-headed hydra
 14996 | Lair:2   | 14996 ||| Stepping ~*~*~tactically~*~*~ (outnumbered).
 14997 | Lair:2   | 14997 ||| Stepping ~*~*~tactically~*~*~ (outnumbered).
 14999 | Lair:2   | 14999 ||| Stepping ~*~*~tactically~*~*~ (outnumbered).
 15000 | Lair:2   | 15000 ||| Stepping ~*~*~tactically~*~*~ (outnumbered).
 15001 | Lair:2   | 15001 ||| Stepping ~*~*~tactically~*~*~ (outnumbered).
 15002 | Lair:2   | 15002 ||| Stepping ~*~*~tactically~*~*~ (outnumbered).
 15003 | Lair:2   | 15003 ||| Stepping ~*~*~tactically~*~*~ (outnumbered).
 15004 | Lair:2   | 15004 ||| Stepping ~*~*~tactically~*~*~ (outnumbered).
 15008 | Lair:2   | Killed a seven-headed hydra
 15009 | Lair:2   | Reached skill level 9 in Invocations
 15143 | Lair:2   | Noticed a dire elephant
 15163 | Lair:2   | Found a runed translucent door.
 15592 | Lair:2   | 15592 ||| Stepping randomly (stuck).
 15644 | Lair:3   | 15644 ||| INVOKING Heroism.
 15671 | Lair:3   | 15671 ||| Stepping ~*~*~tactically~*~*~ (outnumbered).
 15672 | Lair:3   | 15672 ||| Stepping ~*~*~tactically~*~*~ (outnumbered).
 15673 | Lair:3   | 15673 ||| Stepping ~*~*~tactically~*~*~ (outnumbered).
 15679 | Lair:3   | 15679 ||| Stepping ~*~*~tactically~*~*~ (outnumbered).
 15680 | Lair:3   | 15680 ||| Stepping ~*~*~tactically~*~*~ (outnumbered).
 15687 | Lair:3   | Reached skill level 6 in Shields
 15768 | Lair:3   | You fall into a shaft and drop 1 floor!
 15769 | Lair:4   | 15769 ||| INVOKING Heroism.
 15929 | Lair:3   | 15929 ||| INVOKING Heroism.
 16144 | Lair:3   | 16144 ||| INVOKING Heroism.
 16180 | Lair:3   | 16180 ||| READING scroll of enchant armour.
 16180 | Lair:3   | 16180 ||| ENCHANTING +1 cloak.
 16183 | Lair:3   | 16183 ||| Stepping ~*~*~tactically~*~*~ (stealth).
 16225 | Lair:3   | Found a staircase to the Swamp.
 16242 | Lair:3   | 16242 ||| INVOKING Heroism.
 16243 | Lair:3   | 16243 ||| Stepping ~*~*~tactically~*~*~ (stealth).
 16246 | Lair:3   | 16246 ||| Stepping ~*~*~tactically~*~*~ (stealth).
 16248 | Lair:3   | 16248 ||| Stepping ~*~*~tactically~*~*~ (stealth).
 16338 | Lair:3   | 16338 ||| INVOKING Heroism.
 16403 | Lair:3   | 16403 ||| INVOKING Heroism.
 16404 | Lair:3   | Received a gift from Okawaru
 16415 | Lair:3   | 16415 ||| Stepping ~*~*~tactically~*~*~ (stealth).
 16416 | Lair:3   | 16416 ||| Stepping ~*~*~tactically~*~*~ (stealth).
 16491 | Lair:3   | Found a hole to the Spider Nest.
 16842 | Lair:3   | 16842 ||| DROPPING scarf of harm.
 16865 | Lair:4   | Noticed a boulder beetle
 16866 | Lair:4   | 16866 ||| STAIRDANCE
 16869 | Lair:3   | Received a gift from Okawaru
 16870 | Lair:3   | Reached XP level 13. HP: 94/107 MP: 19/19
 16918 | Lair:3   | 16918 ||| DROPPING +0 helmet of intelligence.
 16921 | Lair:4   | 16921 ||| INVOKING Heroism.
 16922 | Lair:4   | 16922 ||| Stepping ~*~*~tactically~*~*~ (stealth).
 16923 | Lair:4   | 16923 ||| INVOKING Finesse.
 16934 | Lair:4   | 16934 ||| Stepping ~*~*~tactically~*~*~ (stealth).
 16943 | Lair:4   | Reached skill level 9 in Shields
 17020 | Lair:4   | 17020 ||| Stepping ~*~*~tactically~*~*~ (stealth).
 17021 | Lair:4   | 17021 ||| Stepping ~*~*~tactically~*~*~ (stealth).
 17024 | Lair:4   | 17024 ||| Stepping ~*~*~tactically~*~*~ (stealth).
 17085 | Lair:4   | 17085 ||| INVOKING Heroism.
 17097 | Lair:4   | 17097 ||| INVOKING Heroism.
 17372 | Lair:4   | Found a shimmering altar of Xom.
 17399 | Lair:4   | Noticed Urug
 17400 | Lair:4   | 17400 ||| INVOKING Heroism.
 17401 | Lair:4   | 17401 ||| INVOKING Finesse.
 17402 | Lair:4   | 17402 ||| Stepping ~*~*~tactically~*~*~ (hiding).
 17403 | Lair:4   | 17403 ||| Stepping ~*~*~tactically~*~*~ (hiding).
 17414 | Lair:4   | Killed Urug
 17796 | Lair:4   | Found a runed translucent gate.
 17796 | Lair:4   | Found a runed translucent gate.
 17796 | Lair:4   | Found a runed translucent gate.
 17797 | Lair:4   | Noticed an acid blob
 17797 | Lair:4   | Noticed an azure jelly
 17797 | Lair:4   | Noticed an acid blob
 17798 | Lair:4   | Noticed an acid blob
 17798 | Lair:4   | Noticed an acid blob
 17799 | Lair:4   | Noticed an acid blob
 17799 | Lair:4   | Noticed an azure jelly
 17799 | Lair:4   | Noticed runemage's ghost (journeyman GnFi)
 17799 | Lair:4   | Noticed an acid blob
 17800 | Lair:4   | Noticed an azure jelly
 17800 | Lair:4   | Noticed an acid blob
 17966 | Lair:4   | Found a viscous altar of Jiyva.
 17968 | Lair:4   | 17968 ||| READING 4 scrolls of identify.
 17968 | Lair:4   | 17968 ||| IDENTIFYING orange potion
 17969 | Lair:4   | 17969 ||| DROPPING potion of flight.
 17994 | Lair:5   | Entered Level 5 of the Lair of Beasts
 17995 | Lair:5   | 17995 ||| INVOKING Heroism.
 17997 | Lair:5   | 17997 ||| STAIRDANCE
 18055 | Lair:5   | 18055 ||| STAIRDANCE
 18057 | Lair:4   | 18057 ||| INVOKING Heroism.
 18223 | Lair:5   | 18223 ||| STAIRDANCE
 18225 | Lair:4   | 18225 ||| INVOKING Heroism.
 18232 | Lair:4   | 18232 ||| Stepping ~*~*~tactically~*~*~ (outnumbered).
 18233 | Lair:4   | 18233 ||| Stepping ~*~*~tactically~*~*~ (outnumbered).
 18234 | Lair:4   | 18234 ||| Stepping ~*~*~tactically~*~*~ (outnumbered).
 18235 | Lair:4   | 18235 ||| Stepping ~*~*~tactically~*~*~ (outnumbered).
 18480 | Lair:5   | 18480 ||| STAIRDANCE
 18539 | Lair:5   | 18539 ||| INVOKING Heroism.
 18751 | Lair:5   | Found a staircase to the Slime Pits.
 18751 | Lair:5   | Found a viscous altar of Jiyva.
 18785 | Lair:5   | 18785 ||| INVOKING Heroism.
 18884 | Lair:5   | 18884 ||| INVOKING Heroism.
 19085 | Lair:5   | 19085 ||| INVOKING Heroism.
 19129 | Lair:5   | 19129 ||| INVOKING Heroism.
 19131 | Lair:5   | 19131 ||| Stepping ~*~*~tactically~*~*~ (outnumbered).
 19132 | Lair:5   | 19132 ||| Stepping ~*~*~tactically~*~*~ (outnumbered).
 19133 | Lair:5   | 19133 ||| Stepping ~*~*~tactically~*~*~ (outnumbered).
 19134 | Lair:5   | 19134 ||| Stepping ~*~*~tactically~*~*~ (outnumbered).
 19135 | Lair:5   | 19135 ||| Stepping ~*~*~tactically~*~*~ (outnumbered).
 19136 | Lair:5   | 19136 ||| Stepping ~*~*~tactically~*~*~ (outnumbered).
 19138 | Lair:5   | 19138 ||| Stepping ~*~*~tactically~*~*~ (outnumbered).
 19139 | Lair:5   | 19139 ||| Stepping ~*~*~tactically~*~*~ (outnumbered).
 19140 | Lair:5   | 19140 ||| Stepping ~*~*~tactically~*~*~ (outnumbered).
 19142 | Lair:5   | 19142 ||| Stepping ~*~*~tactically~*~*~ (outnumbered).
 19148 | Lair:5   | 19148 ||| Stepping ~*~*~tactically~*~*~ (outnumbered).
 19149 | Lair:5   | 19149 ||| Stepping ~*~*~tactically~*~*~ (outnumbered).
 19150 | Lair:5   | 19150 ||| Stepping ~*~*~tactically~*~*~ (outnumbered).
 19153 | Lair:5   | 19153 ||| Stepping ~*~*~tactically~*~*~ (outnumbered).
 19154 | Lair:5   | 19154 ||| Stepping ~*~*~tactically~*~*~ (outnumbered).
 19155 | Lair:5   | 19155 ||| Stepping ~*~*~tactically~*~*~ (outnumbered).
 19156 | Lair:5   | 19156 ||| Stepping ~*~*~tactically~*~*~ (outnumbered).
 19157 | Lair:5   | 19157 ||| Stepping ~*~*~tactically~*~*~ (outnumbered).
 19160 | Lair:5   | 19160 ||| Stepping ~*~*~tactically~*~*~ (outnumbered).
 19161 | Lair:5   | 19161 ||| STAIRDANCE
 19167 | Lair:4   | 19167 ||| INVOKING Heroism.
 19472 | Lair:4   | 19472 ||| UPGRADING to +0 pair of boots.
 19521 | Lair:5   | 19521 ||| INVOKING Heroism.
 19528 | Lair:5   | 19528 ||| Stepping ~*~*~tactically~*~*~ (stealth).
 19529 | Lair:5   | 19529 ||| Stepping ~*~*~tactically~*~*~ (stealth).
 19551 | Lair:5   | 19551 ||| Stepping ~*~*~tactically~*~*~ (stealth).
 19554 | Lair:5   | 19554 ||| INVOKING Heroism.
 19622 | Lair:5   | 19622 ||| INVOKING Heroism.
 19627 | Lair:5   | 19627 ||| Stepping ~*~*~tactically~*~*~ (outnumbered).
 19628 | Lair:5   | 19628 ||| Stepping ~*~*~tactically~*~*~ (outnumbered).
 19629 | Lair:5   | 19629 ||| Stepping ~*~*~tactically~*~*~ (outnumbered).
 19630 | Lair:5   | 19630 ||| Stepping ~*~*~tactically~*~*~ (outnumbered).
 19631 | Lair:5   | 19631 ||| Stepping ~*~*~tactically~*~*~ (outnumbered).
 19632 | Lair:5   | 19632 ||| Stepping ~*~*~tactically~*~*~ (outnumbered).
 19633 | Lair:5   | 19633 ||| Stepping ~*~*~tactically~*~*~ (outnumbered).
 19634 | Lair:5   | 19634 ||| Stepping ~*~*~tactically~*~*~ (outnumbered).
 19635 | Lair:5   | 19635 ||| Stepping ~*~*~tactically~*~*~ (outnumbered).
 19636 | Lair:5   | 19636 ||| Stepping ~*~*~tactically~*~*~ (outnumbered).
 19637 | Lair:5   | 19637 ||| Stepping ~*~*~tactically~*~*~ (outnumbered).
 19638 | Lair:5   | 19638 ||| Stepping ~*~*~tactically~*~*~ (outnumbered).
 19639 | Lair:5   | 19639 ||| Stepping ~*~*~tactically~*~*~ (outnumbered).
 19640 | Lair:5   | 19640 ||| Stepping ~*~*~tactically~*~*~ (outnumbered).
 19641 | Lair:5   | 19641 ||| Stepping ~*~*~tactically~*~*~ (outnumbered).
 19651 | Lair:5   | 19651 ||| Stepping ~*~*~tactically~*~*~ (outnumbered).
 19654 | Lair:5   | 19654 ||| Stepping ~*~*~tactically~*~*~ (outnumbered).
 19655 | Lair:5   | 19655 ||| INVOKING Heroism.
 19656 | Lair:5   | 19656 ||| Stepping ~*~*~tactically~*~*~ (outnumbered).
 19657 | Lair:5   | 19657 ||| Stepping ~*~*~tactically~*~*~ (outnumbered).
 19658 | Lair:5   | 19658 ||| Stepping ~*~*~tactically~*~*~ (outnumbered).
 19659 | Lair:5   | 19659 ||| Stepping ~*~*~tactically~*~*~ (outnumbered).
 19662 | Lair:5   | Reached skill level 6 in Armour
 19682 | Lair:5   | Reached skill level 15 in Unarmed Combat
 19899 | Lair:5   | 19899 ||| INVOKING Heroism.
 20029 | Lair:5   | 20029 ||| INVOKING Heroism.
 20452 | Lair:5   | 20452 ||| INVOKING Heroism.
 20538 | Lair:5   | 20538 ||| Stepping ~*~*~tactically~*~*~ (stealth).
 20542 | Lair:5   | Reached skill level 9 in Fighting
 20547 | Lair:5   | 20547 ||| Stepping ~*~*~tactically~*~*~ (stealth).
 20551 | Lair:5   | 20551 ||| Stepping ~*~*~tactically~*~*~ (stealth).
 20552 | Lair:5   | 20552 ||| Stepping ~*~*~tactically~*~*~ (stealth).
 20553 | Lair:5   | 20553 ||| Stepping ~*~*~tactically~*~*~ (stealth).
 20590 | Lair:5   | 20590 ||| FLEEEEING.
 20592 | Lair:5   | 20592 ||| Stepping ~*~*~tactically~*~*~ (stealth).
 20595 | Lair:5   | 20595 ||| INVOKING Heroism.
 20598 | Lair:5   | 20598 ||| Stepping ~*~*~tactically~*~*~ (outnumbered).
 20602 | Lair:5   | Received a gift from Okawaru
 20646 | Lair:5   | 20646 ||| FLEEEEING.
 20647 | Lair:5   | 20647 ||| FLEEEEING.
 20655 | Lair:5   | 20655 ||| FLEEEEING.
 20656 | Lair:5   | 20656 ||| FLEEEEING.
 20657 | Lair:5   | 20657 ||| FLEEEEING.
 20658 | Lair:5   | 20658 ||| FLEEEEING.
 20659 | Lair:5   | 20659 ||| FLEEEEING.
 20660 | Lair:5   | 20660 ||| FLEEEEING.
 20661 | Lair:5   | 20661 ||| FLEEEEING.
 20664 | Lair:5   | 20664 ||| FLEEEEING.
 20665 | Lair:5   | 20665 ||| FLEEEEING.
 20666 | Lair:5   | 20666 ||| FLEEEEING.
 20667 | Lair:5   | 20667 ||| FLEEEEING.
 20668 | Lair:5   | 20668 ||| FLEEEEING.
 20669 | Lair:5   | 20669 ||| FLEEEEING.
 20670 | Lair:5   | 20670 ||| FLEEEEING.
 20671 | Lair:5   | 20671 ||| FLEEEEING.
 20672 | Lair:5   | 20672 ||| INVOKING Heroism.
 20870 | Lair:5   | 20870 ||| Stepping ~*~*~tactically~*~*~ (hiding).
 20871 | Lair:5   | 20871 ||| INVOKING Heroism.
 20872 | Lair:5   | 20872 ||| Stepping ~*~*~tactically~*~*~ (hiding).
 20908 | Lair:5   | 20908 ||| Stepping ~*~*~tactically~*~*~ (stealth).
 20909 | Lair:5   | 20909 ||| Stepping ~*~*~tactically~*~*~ (stealth).
 20958 | Lair:5   | 20958 ||| INVOKING Heroism.
 20968 | Lair:5   | 20968 ||| Stepping ~*~*~tactically~*~*~ (outnumbered).
 20969 | Lair:5   | 20969 ||| Stepping ~*~*~tactically~*~*~ (outnumbered).
 20970 | Lair:5   | 20970 ||| Stepping ~*~*~tactically~*~*~ (outnumbered).
 20971 | Lair:5   | 20971 ||| Stepping ~*~*~tactically~*~*~ (outnumbered).
 20973 | Lair:5   | 20973 ||| Stepping ~*~*~tactically~*~*~ (outnumbered).
 21097 | Lair:5   | 21097 ||| Stepping ~*~*~tactically~*~*~ (hiding).
 21098 | Lair:5   | 21098 ||| Stepping ~*~*~tactically~*~*~ (hiding).
 21127 | Lair:5   | 21127 ||| FLEEEEING.
 21128 | Lair:5   | 21128 ||| FLEEEEING.
 21129 | Lair:5   | 21129 ||| FLEEEEING.
 21130 | Lair:5   | 21130 ||| FLEEEEING.
 21131 | Lair:5   | 21131 ||| FLEEEEING.
 21132 | Lair:5   | 21132 ||| FLEEEEING.
 21133 | Lair:5   | 21133 ||| FLEEEEING.
 21134 | Lair:5   | 21134 ||| FLEEEEING.
 21135 | Lair:5   | 21135 ||| FLEEEEING.
 21136 | Lair:5   | 21136 ||| FLEEEEING.
 21137 | Lair:5   | 21137 ||| FLEEEEING.
 21138 | Lair:5   | 21138 ||| FLEEEEING.
 21139 | Lair:5   | 21139 ||| FLEEEEING.
 21140 | Lair:5   | 21140 ||| FLEEEEING.
 21141 | Lair:5   | 21141 ||| FLEEEEING.
 21142 | Lair:5   | 21142 ||| FLEEEEING.
 21143 | Lair:5   | 21143 ||| FLEEEEING.
 21144 | Lair:5   | 21144 ||| FLEEEEING.
 21145 | Lair:5   | 21145 ||| FLEEEEING.
 21147 | Lair:5   | 21147 ||| FLEEEEING.
 21148 | Lair:5   | 21148 ||| FLEEEEING.
 21149 | Lair:5   | 21149 ||| FLEEEEING.
 21150 | Lair:5   | 21150 ||| FLEEEEING.
 21151 | Lair:5   | 21151 ||| FLEEEEING.
 21152 | Lair:5   | 21152 ||| FLEEEEING.
 21153 | Lair:5   | 21153 ||| FLEEEEING.
 21154 | Lair:5   | 21154 ||| FLEEEEING.
 21155 | Lair:5   | 21155 ||| FLEEEEING.
 21156 | Lair:5   | 21156 ||| FLEEEEING.
 21157 | Lair:5   | 21157 ||| FLEEEEING.
 21158 | Lair:5   | 21158 ||| FLEEEEING.
 21159 | Lair:5   | 21159 ||| FLEEEEING.
 21160 | Lair:5   | 21160 ||| FLEEEEING.
 21161 | Lair:5   | 21161 ||| FLEEEEING.
 21162 | Lair:5   | 21162 ||| FLEEEEING.
 21163 | Lair:5   | 21163 ||| FLEEEEING.
 21164 | Lair:5   | 21164 ||| FLEEEEING.
 21165 | Lair:5   | 21165 ||| FLEEEEING.
 21166 | Lair:5   | 21166 ||| FLEEEEING.
 21167 | Lair:5   | 21167 ||| FLEEEEING.
 21168 | Lair:5   | 21168 ||| FLEEEEING.
 21243 | Lair:5   | Found the +3 Mad Mage's Maulers {Infuse+∞ RegenMP Int-3}
 21294 | Lair:5   | 21294 ||| Stepping ~*~*~tactically~*~*~ (hiding).
 21299 | Lair:5   | 21299 ||| INVOKING Heroism.
 21300 | Lair:5   | 21300 ||| Stepping ~*~*~tactically~*~*~ (outnumbered).
 21302 | Lair:5   | Reached XP level 14. HP: 118/118 MP: 17/20
 21310 | Lair:5   | Received a gift from Okawaru
 21352 | Lair:5   | 21352 ||| INVOKING Heroism.
 21595 | Lair:5   | Identified the +5 long sword of Inconvenience {vorpal,
                  | Str+3}
 21620 | Lair:5   | 21620 ||| Stepping ~*~*~tactically~*~*~ (stealth).
 21626 | Lair:5   | 21626 ||| INVOKING Heroism.
 21628 | Lair:5   | 21628 ||| Stepping ~*~*~tactically~*~*~ (hiding).
 21641 | Lair:5   | Reached skill level 12 in Shields
 21680 | Lair:5   | 21680 ||| INVOKING Heroism.
 21883 | Lair:5   | Found a corrupted altar of Lugonu.
 22022 | Lair:5   | 22022 ||| PLANNING D:1-11
 22022 | Lair:5   | 22022 ||| UPGRADING to amulet of reflection.
 22032 | Lair:5   | 22032 ||| DROPPING amulet of the acrobat.
 22033 | Lair:5   | 22033 ||| READING 6 scrolls of identify.
 22033 | Lair:5   | 22033 ||| IDENTIFYING amethyst potion
 22234 | D:11     | 22234 ||| FLEEEEING.
 22660 | D:11     | 22660 ||| READING scroll of enchant armour.
 22660 | D:11     | 22660 ||| ENCHANTING +0 pair of boots.
 22959 | D:11     | 22959 ||| PLANNING D
 22959 | D:11     | 22959 ||| DROPPING ring of protection from cold.
 23101 | D:12     | 23101 ||| Stepping ~*~*~tactically~*~*~ (hiding).
 23211 | D:12     | Reached skill level 16 in Unarmed Combat
 23253 | D:12     | 23253 ||| Stepping ~*~*~tactically~*~*~ (hiding).
 23256 | D:12     | 23256 ||| Stepping ~*~*~tactically~*~*~ (hiding).
 23257 | D:12     | 23257 ||| Stepping ~*~*~tactically~*~*~ (hiding).
 23258 | D:12     | 23258 ||| Stepping ~*~*~tactically~*~*~ (hiding).
 23259 | D:12     | 23259 ||| Stepping ~*~*~tactically~*~*~ (hiding).
 23262 | D:12     | 23262 ||| Stepping ~*~*~tactically~*~*~ (hiding).
 23269 | D:12     | 23269 ||| Stepping ~*~*~tactically~*~*~ (stealth).
 23319 | D:12     | 23319 ||| INVOKING Heroism.
 23321 | D:12     | 23321 ||| Stepping ~*~*~tactically~*~*~ (outnumbered).
 23322 | D:12     | 23322 ||| Stepping ~*~*~tactically~*~*~ (outnumbered).
 23323 | D:12     | 23323 ||| Stepping ~*~*~tactically~*~*~ (outnumbered).
 23324 | D:12     | 23324 ||| Stepping ~*~*~tactically~*~*~ (outnumbered).
 23325 | D:12     | 23325 ||| Stepping ~*~*~tactically~*~*~ (outnumbered).
 23326 | D:12     | 23326 ||| Stepping ~*~*~tactically~*~*~ (outnumbered).
 23327 | D:12     | 23327 ||| Stepping ~*~*~tactically~*~*~ (outnumbered).
 23328 | D:12     | 23328 ||| Stepping ~*~*~tactically~*~*~ (outnumbered).
 23329 | D:12     | 23329 ||| Stepping ~*~*~tactically~*~*~ (outnumbered).
 23330 | D:12     | 23330 ||| Stepping ~*~*~tactically~*~*~ (outnumbered).
 23331 | D:12     | 23331 ||| Stepping ~*~*~tactically~*~*~ (outnumbered).
 23335 | D:12     | 23335 ||| Stepping ~*~*~tactically~*~*~ (outnumbered).
 23336 | D:12     | 23336 ||| Stepping ~*~*~tactically~*~*~ (outnumbered).
 23337 | D:12     | 23337 ||| Stepping ~*~*~tactically~*~*~ (outnumbered).
 23338 | D:12     | 23338 ||| Stepping ~*~*~tactically~*~*~ (outnumbered).
 23339 | D:12     | 23339 ||| Stepping ~*~*~tactically~*~*~ (hiding).
 23340 | D:12     | 23340 ||| Stepping ~*~*~tactically~*~*~ (outnumbered).
 23341 | D:12     | 23341 ||| Stepping ~*~*~tactically~*~*~ (outnumbered).
 23351 | D:12     | 23351 ||| INVOKING Heroism.
 23368 | D:12     | 23368 ||| READING scroll of enchant armour.
 23368 | D:12     | 23368 ||| ENCHANTING +1 pair of boots.
 23403 | D:12     | Found a staircase to the Orcish Mines.
 23418 | D:12     | 23418 ||| Stepping ~*~*~tactically~*~*~ (hiding).
 23419 | D:12     | 23419 ||| Stepping ~*~*~tactically~*~*~ (hiding).
 23421 | D:12     | 23421 ||| Stepping ~*~*~tactically~*~*~ (outnumbered).
 23424 | D:12     | 23424 ||| INVOKING Heroism.
 23433 | D:12     | 23433 ||| Stepping ~*~*~tactically~*~*~ (outnumbered).
 23453 | D:12     | 23453 ||| Stepping ~*~*~tactically~*~*~ (stealth).
 23455 | D:12     | 23455 ||| Stepping ~*~*~tactically~*~*~ (stealth).
 23491 | D:12     | 23491 ||| Stepping ~*~*~tactically~*~*~ (stealth).
 23564 | D:12     | 23564 ||| Stepping ~*~*~tactically~*~*~ (stealth).
 23584 | D:12     | Found a bloodstained altar of Trog.
 23625 | D:12     | 23625 ||| Stepping ~*~*~tactically~*~*~ (stealth).
 23627 | D:12     | 23627 ||| Stepping ~*~*~tactically~*~*~ (hiding).
 23828 | D:12     | 23828 ||| INVOKING Heroism.
 23894 | D:12     | 23894 ||| FLEEEEING.
 23895 | D:12     | 23895 ||| FLEEEEING.
 23896 | D:12     | 23896 ||| FLEEEEING.
 23902 | D:12     | 23902 ||| FLEEEEING.
 23903 | D:12     | 23903 ||| STAIRDANCE
 24086 | D:12     | 24086 ||| STAIRDANCE
 24272 | D:12     | 24272 ||| Stepping ~*~*~tactically~*~*~ (stealth).
 24278 | D:12     | 24278 ||| INVOKING Heroism.
 24279 | D:12     | 24279 ||| Stepping ~*~*~tactically~*~*~ (outnumbered).
 24280 | D:12     | 24280 ||| Stepping ~*~*~tactically~*~*~ (outnumbered).
 24288 | D:12     | 24288 ||| READING 3 scrolls of teleportation.
 24310 | D:12     | 24310 ||| Stepping ~*~*~tactically~*~*~ (stealth).
 24311 | D:12     | 24311 ||| Stepping ~*~*~tactically~*~*~ (outnumbered).
 24312 | D:12     | 24312 ||| Stepping ~*~*~tactically~*~*~ (outnumbered).
 24313 | D:12     | 24313 ||| Stepping ~*~*~tactically~*~*~ (outnumbered).
 24314 | D:12     | 24314 ||| Stepping ~*~*~tactically~*~*~ (outnumbered).
 24318 | D:12     | 24318 ||| Stepping ~*~*~tactically~*~*~ (outnumbered).
 24319 | D:12     | 24319 ||| Stepping ~*~*~tactically~*~*~ (outnumbered).
 24328 | D:12     | 24328 ||| INVOKING Heroism.
 24837 | D:13     | 24837 ||| Stepping ~*~*~tactically~*~*~ (stealth).
 24842 | D:13     | 24842 ||| Stepping ~*~*~tactically~*~*~ (outnumbered).
 24845 | D:13     | 24845 ||| INVOKING Heroism.
 24851 | D:13     | Received a gift from Okawaru
 24874 | D:13     | HP: 25/121 [something/bolt of magma (10)]
 24877 | D:13     | 24877 ||| DRINKING potion of heal wounds.
 24906 | D:13     | 24906 ||| INVOKING Heroism.
 25254 | D:13     | 25254 ||| INVOKING Heroism.
 25255 | D:13     | 25255 ||| INVOKING Finesse.
 25298 | D:13     | Received a gift from Okawaru
 25411 | D:13     | You fall into a shaft and drop 1 floor!
 25529 | D:13     | 25529 ||| Stepping ~*~*~tactically~*~*~ (outnumbered).
 25530 | D:13     | 25530 ||| Stepping ~*~*~tactically~*~*~ (outnumbered).
 25535 | D:13     | 25535 ||| INVOKING Heroism.
 25536 | D:13     | 25536 ||| Stepping ~*~*~tactically~*~*~ (outnumbered).
 25537 | D:13     | 25537 ||| Stepping ~*~*~tactically~*~*~ (outnumbered).
 25538 | D:13     | 25538 ||| Stepping ~*~*~tactically~*~*~ (outnumbered).
 25556 | D:13     | 25556 ||| Stepping ~*~*~tactically~*~*~ (stealth).
 25577 | D:13     | 25577 ||| Stepping ~*~*~tactically~*~*~ (stealth).
 25637 | D:13     | 25637 ||| INVOKING Heroism.
 25644 | D:13     | 25644 ||| Stepping ~*~*~tactically~*~*~ (outnumbered).
 25650 | D:13     | 25650 ||| Stepping ~*~*~tactically~*~*~ (outnumbered).
 25651 | D:13     | 25651 ||| Stepping ~*~*~tactically~*~*~ (outnumbered).
 25652 | D:13     | 25652 ||| Stepping ~*~*~tactically~*~*~ (outnumbered).
 25653 | D:13     | 25653 ||| Stepping ~*~*~tactically~*~*~ (outnumbered).
 25654 | D:13     | 25654 ||| Stepping ~*~*~tactically~*~*~ (outnumbered).
 25655 | D:13     | 25655 ||| Stepping ~*~*~tactically~*~*~ (outnumbered).
 25656 | D:13     | 25656 ||| Stepping ~*~*~tactically~*~*~ (outnumbered).
 25657 | D:13     | 25657 ||| Stepping ~*~*~tactically~*~*~ (outnumbered).
 25658 | D:13     | 25658 ||| Stepping ~*~*~tactically~*~*~ (outnumbered).
 25661 | D:13     | 25661 ||| Stepping ~*~*~tactically~*~*~ (outnumbered).
 25662 | D:13     | 25662 ||| Stepping ~*~*~tactically~*~*~ (outnumbered).
 25663 | D:13     | 25663 ||| Stepping ~*~*~tactically~*~*~ (outnumbered).
 25664 | D:13     | 25664 ||| Stepping ~*~*~tactically~*~*~ (outnumbered).
 25665 | D:13     | 25665 ||| Stepping ~*~*~tactically~*~*~ (outnumbered).
 25666 | D:13     | 25666 ||| Stepping ~*~*~tactically~*~*~ (outnumbered).
 25667 | D:13     | 25667 ||| Stepping ~*~*~tactically~*~*~ (outnumbered).
 25668 | D:13     | 25668 ||| Stepping ~*~*~tactically~*~*~ (outnumbered).
 25674 | D:13     | 25674 ||| Stepping ~*~*~tactically~*~*~ (outnumbered).
 25675 | D:13     | 25675 ||| Stepping ~*~*~tactically~*~*~ (outnumbered).
 25676 | D:13     | 25676 ||| Stepping ~*~*~tactically~*~*~ (outnumbered).
 25677 | D:13     | 25677 ||| Stepping ~*~*~tactically~*~*~ (outnumbered).
 25678 | D:13     | 25678 ||| Stepping ~*~*~tactically~*~*~ (outnumbered).
 25679 | D:13     | 25679 ||| Stepping ~*~*~tactically~*~*~ (outnumbered).
 25680 | D:13     | 25680 ||| Stepping ~*~*~tactically~*~*~ (outnumbered).
 25681 | D:13     | 25681 ||| Stepping ~*~*~tactically~*~*~ (outnumbered).
 25687 | D:13     | 25687 ||| INVOKING Heroism.
 26133 | D:14     | 26133 ||| INVOKING Heroism.
 26134 | D:14     | 26134 ||| INVOKING Finesse.
 26142 | D:14     | Reached skill level 17 in Unarmed Combat
 26228 | D:14     | 26228 ||| INVOKING Heroism.
 26229 | D:14     | 26229 ||| INVOKING Finesse.
 26359 | D:14     | 26359 ||| Stepping ~*~*~tactically~*~*~ (hiding).
 26541 | D:14     | 26541 ||| INVOKING Heroism.
 26542 | D:14     | 26542 ||| Stepping ~*~*~tactically~*~*~ (outnumbered).
 26543 | D:14     | 26543 ||| Stepping ~*~*~tactically~*~*~ (outnumbered).
 26544 | D:14     | 26544 ||| Stepping ~*~*~tactically~*~*~ (outnumbered).
 26545 | D:14     | 26545 ||| Stepping ~*~*~tactically~*~*~ (outnumbered).
 26546 | D:14     | 26546 ||| Stepping ~*~*~tactically~*~*~ (outnumbered).
 26547 | D:14     | 26547 ||| Stepping ~*~*~tactically~*~*~ (outnumbered).
 26548 | D:14     | 26548 ||| Stepping ~*~*~tactically~*~*~ (outnumbered).
 26551 | D:14     | 26551 ||| Stepping ~*~*~tactically~*~*~ (outnumbered).
 26585 | D:14     | 26585 ||| INVOKING Heroism.
 26586 | D:14     | 26586 ||| Stepping ~*~*~tactically~*~*~ (outnumbered).
 26587 | D:14     | 26587 ||| Stepping ~*~*~tactically~*~*~ (outnumbered).
 26588 | D:14     | 26588 ||| Stepping ~*~*~tactically~*~*~ (outnumbered).
 26589 | D:14     | 26589 ||| Stepping ~*~*~tactically~*~*~ (outnumbered).
 26607 | D:14     | 26607 ||| INVOKING Heroism.
 26635 | D:14     | Reached XP level 15. HP: 101/126 MP: 21/21
 26663 | D:14     | 26663 ||| INVOKING Heroism.
 26668 | Abyss:2  | Cast into level 2 of the Abyss (a wizard)
 26685 | Abyss:2  | 26685 ||| Stepping ~*~*~tactically~*~*~ (hiding).
 26758 | Abyss:2  | 26758 ||| Stepping ~*~*~tactically~*~*~ (stealth).
 26774 | Abyss:2  | 26774 ||| Stepping ~*~*~tactically~*~*~ (stealth).
 26775 | Abyss:2  | 26775 ||| Stepping ~*~*~tactically~*~*~ (stealth).
 26776 | Abyss:2  | 26776 ||| Stepping ~*~*~tactically~*~*~ (stealth).
 26777 | Abyss:2  | 26777 ||| Stepping ~*~*~tactically~*~*~ (stealth).
 26801 | Abyss:2  | 26801 ||| Stepping ~*~*~tactically~*~*~ (stealth).
 26803 | Abyss:2  | 26803 ||| Stepping ~*~*~tactically~*~*~ (stealth).
 26806 | Abyss:2  | 26806 ||| Stepping ~*~*~tactically~*~*~ (stealth).
 26858 | Abyss:2  | 26858 ||| Stepping ~*~*~tactically~*~*~ (stealth).
 26860 | Abyss:2  | 26860 ||| Stepping ~*~*~tactically~*~*~ (stealth).
 26861 | Abyss:2  | 26861 ||| Stepping ~*~*~tactically~*~*~ (stealth).
 26862 | Abyss:2  | 26862 ||| Stepping ~*~*~tactically~*~*~ (stealth).
 26882 | Abyss:2  | Noticed a tentacled starspawn
 26888 | Abyss:2  | 26888 ||| INVOKING Heroism.
 26889 | Abyss:2  | Killed a tentacled starspawn
 26900 | Abyss:2  | Noticed a bone dragon
 26901 | Abyss:2  | 26901 ||| Stepping ~*~*~tactically~*~*~ (stealth).
 26903 | Abyss:2  | 26903 ||| Stepping ~*~*~tactically~*~*~ (stealth).
 26904 | Abyss:2  | 26904 ||| Stepping ~*~*~tactically~*~*~ (stealth).
 26905 | Abyss:2  | 26905 ||| Stepping ~*~*~tactically~*~*~ (stealth).
 26916 | Abyss:2  | Received a gift from Okawaru
 26933 | Abyss:2  | 26933 ||| Stepping ~*~*~tactically~*~*~ (stealth).
 26934 | Abyss:2  | 26934 ||| Stepping ~*~*~tactically~*~*~ (stealth).
 26956 | Abyss:2  | 26956 ||| Stepping ~*~*~tactically~*~*~ (stealth).
 26999 | Abyss:2  | 26999 ||| Stepping ~*~*~tactically~*~*~ (stealth).
 27014 | Abyss:2  | 27014 ||| Stepping ~*~*~tactically~*~*~ (stealth).
 27030 | Abyss:2  | 27030 ||| Stepping ~*~*~tactically~*~*~ (stealth).
 27031 | Abyss:2  | 27031 ||| Stepping ~*~*~tactically~*~*~ (stealth).
 27032 | Abyss:2  | 27032 ||| Stepping ~*~*~tactically~*~*~ (stealth).
 27067 | Abyss:2  | Noticed a tentacled starspawn
 27069 | Abyss:2  | Noticed a tentacled starspawn
 27069 | Abyss:2  | Noticed a tentacled starspawn
 27072 | Abyss:2  | Found a corrupted altar of Lugonu.
 27074 | Abyss:2  | Noticed a tentacled monstrosity
 27088 | Abyss:2  | 27088 ||| Stepping ~*~*~tactically~*~*~ (stealth).
 27101 | Abyss:2  | 27101 ||| Stepping ~*~*~tactically~*~*~ (hiding).
 27102 | Abyss:2  | 27102 ||| Stepping ~*~*~tactically~*~*~ (hiding).
 27120 | Abyss:2  | 27120 ||| Stepping ~*~*~tactically~*~*~ (stealth).
 27145 | Abyss:2  | 27145 ||| Stepping ~*~*~tactically~*~*~ (stealth).
 27152 | Abyss:2  | Noticed a tentacled starspawn
 27166 | Abyss:3  | 27166 ||| INVOKING Heroism.
 27169 | Abyss:3  | Killed a tentacled starspawn
 27197 | Abyss:3  | 27197 ||| INVOKING Heroism.
 27221 | Abyss:3  | 27221 ||| INVOKING Heroism.
 27268 | Abyss:3  | 27268 ||| Stepping ~*~*~tactically~*~*~ (stealth).
 27270 | Abyss:3  | 27270 ||| Stepping ~*~*~tactically~*~*~ (stealth).
 27291 | Abyss:3  | 27291 ||| Stepping ~*~*~tactically~*~*~ (stealth).
 27293 | Abyss:3  | 27293 ||| Stepping ~*~*~tactically~*~*~ (stealth).
 27305 | Abyss:3  | 27305 ||| Stepping ~*~*~tactically~*~*~ (stealth).
 27306 | Abyss:3  | 27306 ||| Stepping ~*~*~tactically~*~*~ (stealth).
 27338 | Abyss:3  | 27338 ||| INVOKING Heroism.
 27344 | Abyss:3  | 27344 ||| Stepping ~*~*~tactically~*~*~ (outnumbered).
 27347 | Abyss:3  | 27347 ||| Stepping ~*~*~tactically~*~*~ (outnumbered).
 27363 | Abyss:3  | HP: 28/126 [starcursed mass/accursed screaming (10)]
 27364 | Abyss:3  | 27364 ||| READING 3 scrolls of teleportation.
 27365 | Abyss:3  | 27365 ||| DRINKING 2 potions of heal wounds.
 27368 | Abyss:3  | HP: 29/126 [starcursed mass/accursed screaming (6)]
 27369 | Abyss:3  | 27369 ||| DRINKING potion of heal wounds.
 27432 | Abyss:3  | 27432 ||| Stepping ~*~*~tactically~*~*~ (stealth).
 27434 | Abyss:3  | 27434 ||| Stepping ~*~*~tactically~*~*~ (stealth).
 27438 | Abyss:3  | 27438 ||| Stepping ~*~*~tactically~*~*~ (stealth).
 27439 | Abyss:3  | 27439 ||| INVOKING Heroism.
 27440 | Abyss:3  | 27440 ||| Stepping ~*~*~tactically~*~*~ (outnumbered).
 27441 | Abyss:3  | 27441 ||| Stepping ~*~*~tactically~*~*~ (outnumbered).
 27442 | Abyss:3  | 27442 ||| Stepping ~*~*~tactically~*~*~ (outnumbered).
 27446 | Abyss:3  | 27446 ||| Stepping ~*~*~tactically~*~*~ (outnumbered).
 27458 | Abyss:3  | 27458 ||| Stepping ~*~*~tactically~*~*~ (outnumbered).
 27459 | Abyss:3  | 27459 ||| Stepping ~*~*~tactically~*~*~ (outnumbered).
 27463 | Abyss:3  | 27463 ||| Stepping ~*~*~tactically~*~*~ (outnumbered).
 27470 | Abyss:3  | HP: 24/126 [white very ugly thing (24)]
 27471 | Abyss:3  | 27471 ||| READING 2 scrolls of teleportation.
 27492 | Abyss:3  | 27492 ||| INVOKING Heroism.
 27494 | Abyss:3  | HP: 31/126 [small abomination (3)]
 27495 | Abyss:3  | 27495 ||| READING scroll of teleportation.
 27511 | Abyss:3  | 27511 ||| INVOKING Finesse.
 27512 | Abyss:3  | 27512 ||| Stepping ~*~*~tactically~*~*~ (cloud).
 27514 | Abyss:3  | 27514 ||| Stepping ~*~*~tactically~*~*~ (cloud).
 27518 | Abyss:3  | 27518 ||| Stepping ~*~*~tactically~*~*~ (cloud).
 27519 | Abyss:3  | HP: 29/126 [fire crab] (6)]
 27520 | Abyss:3  | Reached skill level 18 in Unarmed Combat
 27526 | Abyss:3  | HP: 27/126 [something (1)]
 27528 | Abyss:3  | HP: 10/126 [something (5)]
 27529 | Abyss:3  | 27529 ||| INVOKING Heroism.
 27535 | Abyss:3  | HP: 4/126 [fire crab] (6)]
 27536 | Abyss:3  | Engulfed by a fire crab's flame

Levels and vault maps discovered:
D:1:      nzn_arrival_water_spiral, layout_rooms,
          shapermc_ecumenical_altar_hornbeckon
D:2:      layout_basic, basic_altar
D:3:      layout_basic, mainiacjoe_overflow_cross_hatched,
          amcnicky_altar_gilded, minmay_misc_feat_enclosed, minmay_cut_off,
          uniq_grinder
D:4:      nicolae_cairo_tiling, layout_rooms,
          mainiacjoe_overflow_catwalk_spiral, lemuel_round_altar
D:5:      layout_basic, grunt_temple_overflow_growth_and_decay,
          marbit_many_paths, mainiacjoe_overflow_paths,
          nicolae_overflow_hidden_temple,
          chequers_temple_overflow_statue_of_worship, minmay_temple_entry_tees,
          uniq_sigmund, uniq_blork_the_orc
D:6:      layout_basic, general_overflow_altar, kennysheep_little_box,
          nzn_wu_jian_contemplation, serial_shops, shop
D:7:      layout_rooms, grunt_dithmenos_shadows, serial_shops, shop,
          minmay_misc_feat_secret_circle
D:8:      layout_loops_ring, lemuel_blue_sif_altar, st_stairs_7, uniq_gastronok
D:9:      gammafunk_corrupted_shrine, layout_rooms, demons_altar,
          yredelemnul_forgotten_temple_becter, serial_shops, nicolae_shop_trees,
          shop, shop, nicolae_shop_stone, nicolae_shop_waterfront
D:10:     layout_basic, nicolae_overflow_crystal_walls,
          lemuel_coloured_pillars_altar,
          mainiacjoe_overflow_concentric_impassable, david_lair_shrubbed
D:11:     layout_roguey
D:12:     layout_layer_cave, hiddenorc2_lemuel, trog_antimagical
D:13:     layout_irregular_city
D:14:     layout_long_grid, grunt_vaults_entry_tiered,
          nicolae_ashenzari_panopticon
Temple:   nicolae_temple_total_abyssal_victory
Lair:1:   lemuel_ratsnest, layout_small_grid, basic_altar,
          chequers_serial_rivers_large_b, minivault_27, grunt_megastairs_2
Lair:2:   gammafunk_lair_enchanted_lake, layout_chaotic_city,
          gammafunk_ghost_wrathful_warriors
Lair:3:   layout_loops_ring, swamp_mist_pool, dummy_spider_entry,
          grunt_megastairs_5
Lair:4:   layout_regular_city, basic_altar, gammafunk_ghost_ooze, pond,
          uniq_urug
Lair:5:   hellmonk_lair_end_abyssal_woods, layout_gridlike,
          nicolae_slime_entry_slimehenge, serial_bayou, serial_bayou_pond_e,
          serial_bayou_pond_d, serial_bayou_pond_e, serial_bayou_pond_e,
          nicolae_volcano_entry_vermiform
Abyss:3:  base: D:7, hangedman_abyss_or_decor_passed,
          guppyfry_abyss_exit_imp_island, grunt_abyss_exit_deep_breaths,
          evilmike_abyss_exit_kraken

Skill      XL: |  1  2  3  4  5  6  7  8  9 10 11 12 13 14 15 |
---------------+----------------------------------------------+-----
Unarmed Combat | 1 2 3 4 5 7 10 11 13 14 15 17 18 | 18.0
Fighting       | 1 5 6 8 9 10 | 10.0
Armour         | 1 2 4 5 6 7 |  7.2
Throwing       | 1 2 3 4 5 |  5.0
Invocations    | 4 7 10 | 10.0
Dodging        | 2 |  2.1
Shields        | 3 8 11 12 13 | 13.0
Stealth        | |  2.1
Spellcasting   | |  1.7
Conjurations   | |  0.7
Fire Magic     | |  2.4

Action                   |  1- 3 |  4- 6 |  7- 9 | 10-12 | 13-15 || total
-------------------------+-------+-------+-------+-------+-------++-------
Melee: Unarmed           |   166 |   149 |   314 |   526 |   975 ||  2130
       Punch             |     1 |     5 |    17 |    20 |       ||    43
Throw: Boomerang         |       |       |    26 |    21 |       ||    47
       Javelin           |       |       |       |   114 |   136 ||   250
Invok: Heroism           |       |       |     3 |    28 |    54 ||    85
       Finesse           |       |       |       |     2 |     6 ||     8
  Use: Scroll            |     4 |     7 |    10 |     9 |     8 ||    38
       Potion            |       |     1 |     5 |     5 |     3 ||    14
 Stab: Sleeping          |       |     3 |       |       |       ||     3
       Petrifying        |       |       |       |       |     1 ||     1
Armor: Robe              |    52 |     2 |       |       |       ||    54
       Leather armour    |       |    30 |       |       |       ||    30
       Chain mail        |       |    21 |   116 |       |       ||   137
       Plate armour      |       |       |    19 |   252 |   415 ||   686
Dodge: Dodged            |    96 |    51 |    77 |   145 |   196 ||   565
Block: Tower shield      |       |       |       |   169 |   781 ||   950
       Reflection        |       |       |       |       |    12 ||    12

Table legend:
 A = Non-vault XP
 B = Vault XP
 C = Vault XP percentage of total XP
 D = Non-vault monster count
 E = Vault monster count
 F = Vault count percentage of total count
                 A         B        C        D         E       F
            +---------+---------+-------+---------+---------+-------
      Total |   76850 |   27609 |  26.4 |     353 |     165 |  31.9
            +---------+---------+-------+---------+---------+-------
        D:1 |      45 |       0 |   0.0 |      20 |       0 |   0.0
        D:2 |      88 |       0 |   0.0 |      27 |       0 |   0.0
        D:3 |      45 |     280 |  86.2 |      17 |       3 |  15.0
        D:4 |     481 |       0 |   0.0 |      14 |       0 |   0.0
        D:5 |     611 |     332 |  35.2 |      17 |       3 |  15.0
        D:6 |     733 |       0 |   0.0 |      21 |       0 |   0.0
        D:7 |     525 |     107 |  16.9 |       5 |       1 |  16.7
        D:8 |    2019 |    1714 |  45.9 |      18 |       3 |  14.3
        D:9 |    2072 |     119 |   5.4 |      16 |       4 |  20.0
       D:10 |    1657 |     394 |  19.2 |      15 |       1 |   6.2
       D:11 |    2307 |       0 |   0.0 |       7 |       0 |   0.0
       D:12 |    5674 |     704 |  11.0 |      14 |      35 |  71.4
       D:13 |   10605 |       0 |   0.0 |      20 |       0 |   0.0
       D:14 |    3684 |    5654 |  60.5 |       6 |      20 |  76.9
     Lair:1 |    2778 |    1320 |  32.2 |       7 |      41 |  85.4
     Lair:2 |    6479 |    1733 |  21.1 |      24 |       4 |  14.3
     Lair:3 |    6847 |     271 |   3.8 |      26 |       2 |   7.1
     Lair:4 |    7549 |    1462 |  16.2 |      25 |       8 |  24.2
     Lair:5 |   10201 |   10169 |  49.9 |      23 |      36 |  61.0
    Abyss:2 |    6095 |       0 |   0.0 |      17 |       0 |   0.0
    Abyss:3 |    6355 |    3350 |  34.5 |      14 |       4 |  22.2
            +---------+---------+-------+---------+---------+-------
